 Dungeon Crawl Stone Soup version 0.23-a0-565-g3e74e4c (webtiles) character file.

29 galech the Skirmisher (level 3, 0/29 HPs)
             Began as a Demonspawn Fighter on Dec 13, 2018.
             Slain by an orc wizard
             ... wielding a +0 dagger
              (1 damage)
             ... on level 2 of the Dungeon.
             The game lasted 00:01:02 (1021 turns).

galech the Skirmisher (Demonspawn Fighter)          Turns: 1021, Time: 00:01:02

Health: 0/29       AC:  6    Str: 16    XL:     3   Next: 1%
Magic:  3/3        EV:  9    Int:  9    God:
Gold:   88         SH:  9    Dex: 13    Spells: 2/2 levels left

rFire    . . .     SeeInvis .   k - -1 hand axe (curse)
rCold    . . .     Gourm    .   c - +0 shield
rNeg     . . .     Faith    .   b - +0 scale mail
rPois    .         Spirit   .   (no helmet)
rElec    .         Reflect  .   (no cloak)
rCorr    .         Harm     .   (no gloves)
MR       .....                  (no boots)
Stlth    ..........             (no amulet)
HPRegen  0.09/turn              j - +2 ring of evasion
MPRegen  0.08/turn              (no ring)

@: no status effects
A: talons 1
a: no special abilities


You were on level 2 of the Dungeon.
You were not hungry.

You visited 1 branch of the dungeon, and saw 2 of its levels.

You collected 88 gold pieces.

Inventory:

Hand Weapons
 a - a +0 war axe
 k - a cursed -1 hand axe (weapon)
Armour
 b - a +0 scale mail (worn)
 c - a +0 shield (worn)
Jewellery
 j - a +2 ring of evasion (left hand)
Potions
 d - a potion of might
 e - a potion of heal wounds {unknown}
 g - a potion of ambrosia {unknown}
 h - a potion of curing {unknown}
 i - a potion of haste {unknown}
Comestibles
 f - 3 rations


   Skills:
 + Level 3.3 Fighting
 + Level 2.2 Axes
 + Level 2.8 Armour
 + Level 0.3 Dodging
 + Level 3.0 Shields


You had 2 spell levels left.
You didn't know any spells.
Your spell library was empty.

Dungeon Overview and Level Annotations

Branches:
Dungeon (2/15)

Altars:
Ashenzari


Innate Abilities, Weirdness & Mutations

You have sharp toenails.


Message History

A puff of flame appears from out of thin air!
The puff of flame hits you!
* * * LOW HITPOINT WARNING * * *
Something hits you but does no damage. Something hits you but does no damage.
You're too confused to move!
Something hits you but does no damage.
You bump into the rock wall.
Something hits you but does no damage.
You bump into the rock wall.
You hear some strange, mumbled words.
You are more confused.
You bump into the rock wall.
Something hits you but does no damage.
You bump into the rock wall.
Something hits you but does no damage.
You bump into the rock wall.
Something hits you but does no damage.
You bump into the rock wall.
Something hits you.
* * * LOW HITPOINT WARNING * * *
You bump into the closed door.
You feel less confused. You block something's attack.
You open the door. Something hits you.
You die...

.# ####.####
#<......# #+
#.......# ...
#.).....# ..).
#...!..#.# (....
#.......#
....).##{......#
......'@$.....#.#
##....####...#.##
##.. #.##.# #. ##
#


There were no monsters in sight!

Vanquished Creatures
  2 leopard geckos (D:1)
  2 orcs (D:2)
  4 goblins (D:1)
  3 hobgoblins (D:1)
  4 kobolds (D:1)
  4 bats (D:1)
  2 frilled lizards (D:1)
  2 rats
23 creatures vanquished.

Notes
Turn   | Place    | Note
-------+----------+-------------------------------------------
     0 | D:1      | galech the Demonspawn Fighter began the quest for the Orb.
     0 | D:1      | Reached XP level 1. HP: 18/18 MP: 1/1
   168 | D:1      | Gained mutation: You have sharp toenails. [demonic
                  | ancestry]
   168 | D:1      | Reached XP level 2. HP: 20/24 MP: 2/2
   400 | D:1      | Found a shattered altar of Ashenzari.
  1004 | D:2      | Reached XP level 3. HP: 14/29 MP: 3/3
  1008 | D:2      | HP: 1/29 [something/puff of flame (13)]
  1019 | D:2      | HP: 1/29 [something (1)]
  1021 | D:2      | Slain by an orc wizard

Vault maps used:
D:1:      ebering_trefoil_twist, minmay_parallelograms,
          chequers_decorated_corner, kennysheep_flooded_box,
          minmay_misc_feat_room, serial_bayou_pond_e
D:2:      kennysheep_the_goblin_king, first_ration, nemelex_dance_club_becter

Skill      XL: |  1  2 |
---------------+-------+-----
Axes           | 2 |  2.2
Shields        | 3 |  3.0
Fighting       | |  3.3
Armour         | |  2.8
Dodging        | |  0.3

Action                   || total
-------------------------++-------
Melee: War axe           ||    20
       Hand axe          ||    54
       Kick              ||    13
  Use: Scroll            ||     2
Armor: Scale mail        ||    39
Dodge: Dodged            ||    23
Block: Shield            ||    40

Table legend:
 A = Non-vault XP
 B = Vault XP
 C = Vault XP percentage of total XP
 D = Non-vault monster count
 E = Vault monster count
 F = Vault count percentage of total count
                 A         B        C        D         E       F
            +---------+---------+-------+---------+---------+-------
      Total |      42 |       0 |   0.0 |      23 |       0 |   0.0
            +---------+---------+-------+---------+---------+-------
        D:1 |      35 |       0 |   0.0 |      20 |       0 |   0.0
        D:2 |       7 |       0 |   0.0 |       3 |       0 |   0.0
            +---------+---------+-------+---------+---------+-------
